 Dungeon Crawl Stone Soup version 0.30-a0-778-g2ef04afb54 (webtiles) character file.

Game seed: 4553364020285562226

27499 theswoord the Frost Mage (level 13, -5/118 HPs)
             Began as a Naga Ice Elementalist on Feb 15, 2023.
             Was a Priest of Kikubaaqudgha.
             Slain by a komodo dragon (21 damage)
             ... on level 5 of the Lair of Beasts.
             The game lasted 00:23:10 (15215 turns).

theswoord the Frost Mage (Naga Ice Elementalist)   Turns: 15215, Time: 00:23:10

Health: -5/118     AC: 25    Str: 19    XL:     13   Next: 32%
Magic:  8/30       EV:  8    Int: 19    God:    Kikubaaqudgha [***...]
Gold:   1199       SH:  0    Dex: 14    Spells: 22/38 levels left

rFire   + . .      SeeInvis +    l - +5 longbow of Crusades {speed, rN+ Dex+3}
rCold   . . .      Faith    .    (shield currently unavailable)
rNeg    + + .      Spirit   .    x - +1 robe of Uneddey {*Slow rElec rPois rF+}
rPois   +          Reflect  .    g - +0 helmet
rElec   +          Harm     .    y - scarf {+Inv}
rCorr   .          Rampage  .    N - +2 pair of gloves
Will    +....                    m - +1 barding
Stlth   ++                       (no amulet)
HPRegen 0.39/turn                p - ring of positive energy
MPRegen 0.22/turn                s - +6 ring of strength

@: ice-armoured, freezing walls, very slow
A: AC +4, large, see invisible, deformed body, poison resistance, slowness 2,
spit poison 1, naga tail 2
a: Spit Poison, Renounce Religion, Evoke Invisibility, Unearth Wretches


You were on level 5 of the Lair of Beasts.
You worshipped Kikubaaqudgha.
Kikubaaqudgha was most pleased with you.
You visited 3 branches of the dungeon, and saw 16 of its levels.
You also visited: Bailey.

You collected 1199 gold pieces.

Inventory:

Hand Weapons
 l - the +5 longbow of Crusades (weapon) {speed, rN+ Dex+3}
   (You found it on level 2 of the Dungeon)

   Dex:       It affects your dexterity (+3).
   rN:        It protects you from negative energy.
Armour
 a - a +0 robe
 g - a +0 helmet (worn)
 i - a +2 pair of gloves
 m - a +1 barding (worn)
 x - the +1 robe of Uneddey (worn) {*Slow rElec rPois rF+}
   (You found it on level 7 of the Dungeon)

   rF:        It protects you from fire.
   rElec:     It insulates you from electricity.
   rPois:     It protects you from poison.
   *Slow:     It may slow you when you take damage.
 y - a scarf of invisibility (worn)
 L - a +0 crystal plate armour
 N - a +2 pair of gloves (worn)
Magical Staves
 c - a staff of conjuration
Jewellery
 p - a ring of positive energy (left hand)
 s - a +6 ring of strength (right hand)
 D - an amulet of guardian spirit
 O - an amulet of regeneration
Wands
 d - a wand of mindburst (29)
 r - a wand of charming (13)
 z - a wand of digging (4)
Scrolls
 e - a scroll of poison
 t - a scroll of vulnerability
 u - a scroll of brand weapon
 w - a scroll of fog
 B - a scroll of enchant weapon
 E - 5 scrolls of fear
 G - 3 scrolls of immolation
 H - 3 scrolls of teleportation
 M - 6 scrolls of identify
Potions
 b - 2 potions of magic
 f - 7 potions of flight
 h - 10 potions of curing
 j - 2 potions of heal wounds
 k - 2 potions of haste
 n - 3 potions of lignification
 o - 3 potions of attraction
 q - 5 potions of might
 v - 2 potions of mutation
 A - 2 potions of ambrosia
 C - 2 potions of berserk rage
 F - a potion of cancellation
 I - a potion of resistance
 J - 2 potions of brilliance
 K - 3 potions of invisibility


   Skills:
 - Level 8.6 Fighting
 - Level 1.5 Dodging
 - Level 3.0 Stealth
 - Level 13.2 Spellcasting
 + Level 4.6 Necromancy
 - Level 14.6 Ice Magic


You had 22 spell levels left.
You knew the following spells:

 Your Spells              Type           Power      Damage    Failure   Level
a - Freeze                Ice            100%       1d10      0%          1
b - Frozen Ramparts       Ice            100%       1d16      1%          3
c - Hailstorm             Conj/Ice       40%        3d10      1%          3
d - Ozocubu's Armour      Ice            62%        N/A       1%          3
e - Simulacrum            Ice/Necr       24%        N/A       16%         6

Your spell library contained the following spells:

 Spells                   Type           Power      Damage    Failure   Level
 Kiss of Death            Conj/Necr      84%        2d11      1%          1
 Necrotise                Necr           100%       1d9       1%          1
 Ensorcelled Hibernation  Hex/Ice        80%        N/A       1%          2
 Vampiric Draining        Necr           30%        2d8       2%          3
 Summon Ice Beast         Ice/Summ       40%        N/A       2%          4
 Beastly Appendage        Tmut           24%        N/A       5%          1
 Shock                    Conj/Air       48%        1d6       5%          1
 Animate Dead             Necr           30%        N/A       8%          4
 Metabolic Englaciation   Hex/Ice        20%        N/A       8%          5
 Passwall                 Tmut/Erth      10%        N/A       9%          2
 Ignite Poison            Fire/Tmut/Pois 12%        N/A       16%         3
 Kindle Blastsparks       Fire/Tloc/Air  24%        2d12      16%         3
 Swiftness                Air            12%        N/A       16%         3
 Anguish                  Hex/Necr       10%        N/A       21%         4
 Freezing Cloud           Conj/Ice/Air   15%        6-21      21%         5
 Agony                    Necr           30%        N/A       22%         5
 Airstrike                Air            6%         2d(1-17)  47%         4
 Death Channel            Necr           15%        N/A       77%         6


Dungeon Overview and Level Annotations

Branches:
Dungeon (10/15)            Temple (1/1) D:4            Lair (5/5) D:8
  Swamp (0/4) Lair:2       Spider (0/4) Lair:3          Orc (0/2) D:9
 Bailey (visited)
  Slime: Lair:4-5

Altars:
Cheibriados
Dithmenos
Fedhas
Gozag
Hepliaklqana
Kikubaaqudgha
Makhleb
Nemelex Xobeh
Okawaru
Ru
Sif Muna
Trog
Uskayaw
Vehumet
Wu Jian
Xom
Yredelemnul
Zin
The Shining One

Shops:
D:2 [   D:6 *

Annotations:
Lair:5 1 runed translucent door, Crownlay's ghost, journeyman GrEE


Innate Abilities, Weirdness & Mutations

Your serpentine skin is tough. (AC +4)
You have supernaturally acute eyesight. (SInv)
Armour fits poorly on your strangely shaped body.
Your system is resistant to poisons. (rPois)
You cover ground very slowly.
You can spit poison.
You can use your snake-like lower body to constrict enemies.


Message History

The wall freezes the yak!
You kill the yak!
Kikubaaqudgha accepts your kill.
A freezing mist starts to gather... x2; The wall freezes the yak!
You kill the yak!
Kikubaaqudgha accepts your kill.
The wall freezes the komodo dragon.
The wall freezes the yak!
The yak gores you!
* * * LOW HITPOINT WARNING * * *
The wall freezes the yak but does no damage.
Aim: a yak (severely wounded, ally target)
You freeze the yak's soul.
The wall freezes the komodo dragon!
The wall freezes the yak!
The yak closely misses you.
The wall freezes the yak.
The yak closely misses you.
Aim: a yak (severely wounded)
You freeze the yak's soul.
Your yak simulacrum gores the plant.
Your yak simulacrum freezes the plant!
The wall freezes the komodo dragon but does no damage.
The komodo dragon bites you but does no damage.
The wall freezes the yak!
The yak gores you.
* * * LOW HITPOINT WARNING * * *
The wall freezes the yak.
The yak gores you but does no damage.
You shoot an arrow. The arrow hits the yak.
The wall freezes the komodo dragon but does no damage.
The komodo dragon bites you!!
* * * LOW HITPOINT WARNING * * *
The wall freezes the yak!
You kill the yak!
Kikubaaqudgha accepts your kill.
A freezing mist starts to gather... x3; The wall freezes the yak!
You kill the yak!
Kikubaaqudgha accepts your kill.
A freezing mist starts to gather... x3
You shoot an arrow. The arrow hits the komodo dragon.
A nearby plant withers and dies.
The wall freezes the komodo dragon but does no damage.
The komodo dragon bites you!!
You die...
Kikubaaqudgha rasps: "You have failed me!
Welcome... death!"

.##....# .. #......#...
#.......... #.........#
#......## #### ##Z...!..#
§§§####..Z[....# ##
#§§§##...Y.....P#
##..####§WB#.Z@..........
.......##+##..Pl#Z.......
#..........P.Z####.......
.......<......# ##.....
........†....<.# #....
#...............# #.#
#...............P#
#.............PP##
#...........)...#


You could see a komodo dragon (ally target), a yak (ally target) and 5 friendly
yak simulacra.

Vanquished Creatures
  4 hydras
  2 vault guards (Bailey)
  3 two-headed ogres
  4 death yaks (Lair:2)
  Pikel (D:7)
  2 bog bodies (Lair:2)
  4 lindwurms (Lair:3)
  3 black mambas
  Joseph (D:9)
  7 cane toads
  4 blink frogs (Lair:4)
  A polar bear (Lair:2)
  2 trolls
  A dream sheep (Lair:2)
  Prince Ribbit (Bailey)
  A culicivora (Lair:3)
  16 yaks
  3 wyverns
  2 basilisks (Lair:1)
  5 humans (Bailey)
  Eustachio (D:4)
  Menkaure (D:5)
  2 swamp worms (Lair:2)
  An acid dragon (D:10)
  9 water moccasins
  Duvessa (D:7)
  4 orc warriors
  2 black bears
  2 centaurs
  11 wolves
  A phantom (D:5)
  A lemure (D:7)
  2 kobold brigands (D:9)
  18 bullfrogs
  3 necrophages
  A scorpion (D:6)
  9 wights
  The ghost of Notanamesir the Chopper, a weakling OgGl (D:3)
  Dowan (D:7)
  12 killer bees
  6 electric eels
  9 howler monkeys
  5 hounds
  A jelly (D:7)
  5 orc priests
  Ijyb (D:5)
  6 iguanas
  7 orc wizards
  9 hell rats (Lair:2)
  4 gnolls
  9 adders
  14 river rats (Lair:2)
  A shadow imp (D:6)
  A white imp (D:5)
  An ufetubus (D:5)
  A worm (D:5)
  A dart slug (D:2)
  39 orcs
  6 ball pythons
  5 bats
  12 endoplasms
  3 giant cockroaches
  13 goblins
  9 hobgoblins
  14 kobolds
  10 quokkas
  3 frilled lizards
  18 rats
363 creatures vanquished.

Vanquished Creatures (others)
  16 fungi
  55 plants
71 creatures vanquished.

Grand Total: 434 creatures vanquished

Notes
Turn   | Place    | Note
-------+----------+-------------------------------------------
     0 | D:1      | theswoord the Naga Ice Elementalist began the quest for the
                  | Orb.
     0 | D:1      | Reached XP level 1. HP: 15/15 MP: 3/3
   256 | D:1      | Reached XP level 2. HP: 22/22 MP: 5/5
   951 | D:2      | Identified the +5 longbow of Crusades {speed, rN+ Dex+3}
  1030 | D:2      | Reached XP level 3. HP: 28/28 MP: 6/6
  1231 | D:2      | Reached XP level 4. HP: 36/36 MP: 8/8
  1437 | D:2      | Learned a level 3 spell: Frozen Ramparts
  1441 | D:2      | Learned a level 3 spell: Hailstorm
  1568 | D:2      | Found Oqileqy's Antique Armour Shoppe.
  1698 | D:3      | Found a transporter.
  1835 | D:3      | Found a transporter.
  1838 | D:3      | Noticed Notanamesir's ghost (weakling OgGl)
  2045 | D:3      | Found a faded altar of an unknown god.
  2047 | D:3      | Reached skill level 5 in Ice Magic
  2536 | D:3      | Reached XP level 5. HP: 19/42 MP: 6/10
  2540 | D:3      | Killed Notanamesir's ghost
  2545 | D:3      | Learned a level 3 spell: Ozocubu's Armour
  2713 | D:4      | Noticed Eustachio
  2723 | D:4      | Killed Eustachio
  2724 | D:4      | Reached XP level 6. HP: 45/49 MP: 8/12
  2790 | D:4      | Reached skill level 6 in Ice Magic
  2904 | D:4      | Found a staircase to the Ecumenical Temple.
  3015 | Temple   | Entered the Ecumenical Temple
  3510 | D:5      | Entered Level 5 of the Dungeon
  3532 | D:5      | Reached XP level 7. HP: 35/55 MP: 10/14
  3541 | D:5      | Reached skill level 5 in Spellcasting
  3771 | D:5      | Noticed Ijyb
  3773 | D:5      | Noticed Menkaure
  3777 | D:5      | Killed Menkaure
  3780 | D:5      | Killed Ijyb
  3781 | D:5      | Reached skill level 7 in Ice Magic
  3916 | D:5      | Reached XP level 8. HP: 62/62 MP: 15/17
  4268 | D:6      | Reached skill level 8 in Ice Magic
  4381 | D:6      | Found Odghapue's Sacrilege Store.
  4762 | D:6      | Found a hide-covered altar of Uskayaw.
  4971 | D:7      | Found a flagged portal.
  5000 | Bailey   | Entered a bailey
  5136 | Bailey   | Reached XP level 9. HP: 64/68 MP: 15/20
  5139 | Bailey   | Reached skill level 9 in Ice Magic
  5245 | Bailey   | Noticed a vault guard
  5245 | Bailey   | Noticed Prince Ribbit
  5264 | Bailey   | Killed a vault guard
  5265 | Bailey   | Reached skill level 10 in Ice Magic
  5265 | Bailey   | Killed Prince Ribbit
  5554 | Bailey   | Noticed a vault guard
  5573 | Bailey   | Killed a vault guard
  5574 | Bailey   | Reached XP level 10. HP: 10/75 MP: 9/23
  5941 | D:7      | Reached skill level 11 in Ice Magic
  6113 | D:7      | Noticed Duvessa
  6113 | D:7      | Noticed Dowan
  6123 | D:7      | Killed Duvessa
  6126 | D:7      | Killed Dowan
  6256 | D:7      | Identified the +1 robe of Uneddey {*Slow rElec rPois rF+}
  6591 | D:7      | Noticed Pikel
  6615 | D:7      | Killed Pikel
  6616 | D:7      | Reached skill level 10 in Spellcasting
  7641 | D:8      | Reached skill level 12 in Ice Magic
  7890 | D:8      | Found an iron altar of Okawaru.
  8294 | D:8      | Found a staircase to the Lair.
  8370 | Lair:1   | Entered Level 1 of the Lair of Beasts
  8423 | D:9      | Reached skill level 1 in Fighting
  8431 | D:9      | Reached XP level 11. HP: 67/84 MP: 25/25
  8450 | D:9      | Noticed a two-headed ogre
  8460 | D:9      | Killed a two-headed ogre
  8778 | D:9      | Found a staircase to the Orcish Mines.
  8928 | D:9      | Noticed a two-headed ogre
  8940 | D:9      | Killed a two-headed ogre
  9026 | D:9      | Noticed Joseph
  9043 | D:9      | Killed Joseph
  9498 | D:10     | Entered Level 10 of the Dungeon
  9726 | D:10     | Identified the +1 rapier of Dried Tears {flame, Fragile
                  | Int+8 Dex+3}
  9777 | D:10     | Noticed a two-headed ogre
  9793 | D:10     | Killed a two-headed ogre
  9794 | D:10     | Reached skill level 13 in Ice Magic
 10106 | D:10     | Found an ancient bone altar of Kikubaaqudgha.
 10108 | D:10     | Found a shimmering blue altar of Sif Muna.
 10111 | D:10     | Found a radiant altar of Vehumet.
 10116 | D:10     | Got Sif Muna's Vellum of the Shapeshifter
 10124 | D:10     | Became a worshipper of Kikubaaqudgha
 10252 | Lair:1   | Reached skill level 5 in Fighting
 10457 | Lair:1   | Noticed a four-headed hydra
 10467 | Lair:1   | Killed a four-headed hydra
 10468 | Lair:1   | Reached XP level 12. HP: 85/104 MP: 21/28
 11618 | Lair:2   | Reached * piety under Kikubaaqudgha
 11618 | Lair:2   | Received a gift from Kikubaaqudgha
 11692 | Lair:2   | Reached ** piety under Kikubaaqudgha
 12036 | Lair:2   | Noticed a death yak
 12036 | Lair:2   | Noticed a death yak
 12041 | Lair:2   | Noticed a death yak
 12042 | Lair:2   | Noticed a death yak
 12046 | Lair:2   | Killed a death yak
 12055 | Lair:2   | Killed a death yak
 12056 | Lair:2   | Killed a death yak
 12057 | Lair:2   | Reached skill level 14 in Ice Magic
 12068 | Lair:2   | Killed a death yak
 12393 | Lair:2   | Noticed an eight-headed hydra
 12722 | Lair:2   | Found a staircase to the Swamp.
 13085 | Lair:3   | Noticed a four-headed hydra
 13095 | Lair:3   | Killed a four-headed hydra
 13518 | Lair:3   | Found a hole to the Spider Nest.
 13928 | Lair:3   | Gained mutation: You can use your snake-like lower body to
                  | constrict enemies. [Naga growth]
 13928 | Lair:3   | Reached XP level 13. HP: 79/117 MP: 30/30
 14264 | Lair:3   | Learned a level 6 spell: Simulacrum
 14314 | Lair:4   | Reached skill level 1 in Necromancy
 14830 | Lair:4   | Reached *** piety under Kikubaaqudgha
 14830 | Lair:4   | Received a gift from Kikubaaqudgha
 15186 | Lair:5   | Entered Level 5 of the Lair of Beasts
 15186 | Lair:5   | Noticed Crownlay's ghost (journeyman GrEE)
 15186 | Lair:5   | Found a runed translucent door.
 15215 | Lair:5   | Slain by a komodo dragon

Skill      XL: |  1  2  3  4  5  6  7  8  9 10 11 12 13 |
---------------+----------------------------------------+-----
Spellcasting   | 3 4 6 7 9 10 12 13 | 13.2
Ice Magic      | 5 6 7 8 10 12 13 14 | 14.6
Fighting       | 1 5 8 |  8.6
Necromancy     | 4 |  4.6
Dodging        | |  1.5
Stealth        | |  3.0

Action                     |  1- 3 |  4- 6 |  7- 9 | 10-12 | 13-15 || total
---------------------------+-------+-------+-------+-------+-------++-------
  Melee: Staff             |    21 |       |       |       |       ||    21
         Unarmed           |     2 |       |       |       |       ||     2
   Fire: Longbow           |    12 |    99 |   169 |   700 |    77 ||  1057
   Cast: Freeze            |    21 |       |    14 |    14 |       ||    49
         Frozen Ramparts   |       |     4 |    10 |    41 |     6 ||    61
         Ozocubu's Armour  |       |       |     3 |    14 |     2 ||    19
         Hailstorm         |       |       |     1 |     2 |       ||     3
         Simulacrum        |       |       |       |       |     3 ||     3
    Use: Scroll            |       |    10 |     4 |    15 |       ||    29
         Potion            |       |     1 |       |       |     1 ||     2
   Stab: Sleeping          |     1 |       |       |       |       ||     1
 Armour: Robe              |     3 |    23 |    29 |   286 |    38 ||   379
  Dodge: Dodged            |    15 |    25 |    65 |   186 |    23 ||   314

Levels and vault maps discovered:
D:1:      noname_arrival_rooms_in_the_neighbourhood, layout_basic
D:2:      kennysheep_the_goblin_king, layout_basic, serial_shops, shop
D:3:      layout_basic, hellmonk_ecumenical_altar_slurped_away,
          gammafunk_ghost_arena
D:4:      layout_loops_cross, minmay_temple_entry_poolview, uniq_eustachio
D:5:      layout_rooms, nicolae_overflow_hidden_temple, uniq_menkaure, uniq_ijyb
D:6:      layout_loops_ring, lemuel_tele_altar, nicolae_evil_shop
D:7:      layout_gridville, enter_bailey_5, uniq_duvessa, uniq_pikel
D:8:      layout_cave_pools, mainiacjoe_overflow_cross_hatched, erik_lair_island
D:9:      layout_loops_ring, david_orc_5, minmay_crystal_water, uniq_joseph
D:10:     layout_rooms, grunt_temple_overflow_magic_moments
Temple:   compressed_dpeg_circular_temple
Lair:1:   layout_loops_ring, serial_bayou_pond_d, serial_bayou_lagoon_a,
          minivault_19, disabler_island
Lair:2:   lemuel_ratsnest, layout_regular_city,
          nicolae_swamp_entry_splash_gauntlet, nzn_random_ring
Lair:3:   layout_loops_ring, hellmonk_spider_entry_life_and_decay,
          minmay_lindwurm_lava, lemuel_fruit_tree
Lair:4:   layout_roguey, dreamdust_mushroom_princess
Lair:5:   minmay_lair_end_frog_pond, layout_cave_pods, slime_entry_1,
          nicolae_volcano_entry_two_sided, ebering_ghost_inner_flame,
          minmay_hedge_maze, serial_bayou_ford_a
